 Dungeon Crawl Stone Soup version 0.31-a0-200-gbc41564c69 (webtiles) character file.

Game seed: 2075391421559910110

45 qw the Shooter (level 3, -2/20 HPs)
             Began as a Deep Elf Hunter on June 25, 2023.
             Slain by a goblin
             ... wielding a +0 dagger
              (3 damage)
             ... on level 2 of the Dungeon.
             The game lasted 00:00:20 (732 turns).

qw the Shooter (Deep Elf Hunter)                     Turns: 732, Time: 00:00:21

Health: -2/20      AC:  4    Str: 10    XL:     3   Next: 42%
Magic:  5/5        EV: 12    Int: 13    God:
Gold:   78         SH:  0    Dex: 18    Spells: 2/2 levels left

rFire   . . .        Y - +0 shortbow
rCold   . . .        (shield currently unavailable)
rNeg    . . .        c - +0 leather armour
rPois   .            a - +0 helmet
rElec   .            (no cloak)
rCorr   .            (no gloves)
SInv    .            (no boots)
Will    .....        (no amulet)
Stlth   ++           (no ring)
HPRegen 0.23/turn    (no ring)
MPRegen 0.09/turn

%: no passive effects
@: no status effects
A: no striking features
a: no special abilities


You were on level 2 of the Dungeon.
You visited 1 branch of the dungeon, and saw 2 of its levels.

You collected 78 gold pieces.


   Skills:
 - Level 1.5 Fighting
 + Level 7.0 Ranged Weapons
 - Level 2.4 Dodging
 - Level 1.2 Stealth


You had 2 spell levels left.
You didn't know any spells.
Your spell library was empty.

Inventory:

Hand Weapons
 Y - a +0 shortbow (weapon)
Armour
 a - a +0 helmet (worn)
 c - a +0 leather armour (worn)
Potions
 b - a potion of berserk rage {unknown}
 d - a potion of magic {unknown}
 e - a potion of lignification {unknown}

Dungeon Overview and Level Annotations

Branches:
Dungeon (2/15)

Altars:
Vehumet


Message History

A gnoll comes into view. It is wielding a +0 club.
You shoot an arrow. The goblin shouts!
The arrow hits the gnoll.
The gnoll is severely wounded.
You shoot an arrow.
The arrow hits the gnoll but does no damage.
The gnoll is severely wounded.
You shoot an arrow. The arrow hits the gnoll!
You kill the gnoll!
A goblin comes into view. It is wielding a +0 club.
Your Ranged Weapons skill increases to level 7!
You shoot an arrow. The arrow closely misses the gnoll.
The arrow closely misses the goblin.
The goblin shouts!
The gnoll closely misses you.
You shoot an arrow. The arrow closely misses the gnoll.
The arrow closely misses the goblin.
A gnoll comes into view. It is wielding a +0 halberd.
The gnoll barely misses you.
You shoot an arrow.
The arrow hits the gnoll but does no damage.
You shoot an arrow. The arrow hits the gnoll.
The gnoll is lightly wounded.
The goblin hits you with a +0 dagger. The gnoll hits you with a +0 flail!
The goblin hits you with a +0 dagger.
You shoot an arrow. The arrow hits the gnoll.
The gnoll is heavily wounded.
The goblin hits you with a +0 dagger.
The goblin unwields a +0 club.
The goblin wields a +0 sling.
The goblin shoots a sling bullet.
The sling bullet closely misses you. The gnoll hits you with a +0 flail.
The gnoll hits you but does no damage.
You shoot an arrow. The arrow hits the gnoll.
The gnoll is heavily wounded.
The goblin barely misses you. The gnoll hits you with a +0 club.
The gnoll barely misses you.
You shoot an arrow. The arrow hits the gnoll!
You kill the gnoll!
The gnoll misses you. The goblin hits you with a +0 dagger.
You die...

..).....
###.....##.............
##.......##.............
.........##.............
.........##.............
.........##...%.........
........................
.....gg..###......##....
......g@..........######
......g).......##..#
...............###.#####
##.............# #.....#
#.#..#........#######.#
# #.##.._..%....# #.#
... #......###(#####..
#..#.......# .#....).
.........# #.#####


You could see 2 gnolls and 2 goblins.

Vanquished Creatures
  2 gnolls (D:2)
  A dart slug (D:1)
  8 ball pythons
  3 bats
  3 endoplasms (D:1)
  2 giant cockroaches (D:1)
  2 goblins
  2 hobgoblins (D:1)
  A quokka (D:1)
  2 frilled lizards (D:1)
  3 kobolds
  3 rats
32 creatures vanquished.

Notes
Turn   | Place    | Note
-------+----------+-------------------------------------------
     0 | D:1      | qw the Deep Elf Hunter began the quest for the Orb.
     0 | D:1      | Reached XP level 1. HP: 12/12 MP: 3/3
     0 | D:1      | 0 ||| qw: Version: 0.3-a-22-g0ed2b0b
     0 | D:1      | 0 ||| qw: Game counter: 5542
     0 | D:1      | 0 ||| qw: Melee chars always use a shield: true
     0 | D:1      | 0 ||| qw: God list: Okawaru
     0 | D:1      | 0 ||| qw: Allow faded altars: false
     0 | D:1      | 0 ||| qw: Do Orc after clearing Dungeon:15 true
     0 | D:1      | 0 ||| qw: Do second Lair branch before Depths: true
     0 | D:1      | 0 ||| qw: Lair rune preference: random
     0 | D:1      | 0 ||| qw: Goals: Normal
     0 | D:1      | 0 ||| PLANNING D:1-11
   149 | D:1      | Reached skill level 6 in Ranged Weapons
   149 | D:1      | Reached XP level 2. HP: 16/16 MP: 4/4
   287 | D:1      | Found a faded altar of an unknown god.
   303 | D:1      | 303 ||| READING scroll labelled VOFECL MAKH.
   635 | D:1      | 635 ||| UPGRADING to +0 helmet.
   640 | D:1      | 640 ||| READING scroll labelled ROREUTIL SUBEU.
   641 | D:1      | 641 ||| DROPPING scroll of butterflies.
   651 | D:2      | Reached XP level 3. HP: 20/20 MP: 5/5
   700 | D:2      | Found a radiant altar of Vehumet.
   726 | D:2      | Reached skill level 7 in Ranged Weapons
   730 | D:2      | HP: 3/20 [gnoll/+0 flail (5)]
   731 | D:2      | HP: 1/20 [gnoll/+0 club (2)]
   732 | D:2      | Slain by a goblin

Levels and vault maps discovered:
D:1:      lemuel_arrival_funnel, layout_loops_ring,
          ebering_ecumenical_altar_petrified, serial_bayou_pond_d
D:2:      layout_rooms, basic_altar, corner_web_ring

Skill      XL: |  1  2  3 |
---------------+----------+-----
Ranged Weapons | 6 7 |  7.0
Fighting       | |  1.5
Dodging        | |  2.4
Stealth        | |  1.2

Action                     || total
---------------------------++-------
   Fire: Shortbow          ||    73
    Use: Scroll            ||     2
 Armour: Leather armour    ||     4
  Dodge: Dodged            ||    10

Table legend:
 A = Non-vault XP
 B = Vault XP
 C = Vault XP percentage of total XP
 D = Non-vault monster count
 E = Vault monster count
 F = Vault count percentage of total count
                 A         B        C        D         E       F
            +---------+---------+-------+---------+---------+-------
      Total |      80 |       0 |   0.0 |      32 |       0 |   0.0
            +---------+---------+-------+---------+---------+-------
        D:1 |      39 |       0 |   0.0 |      23 |       0 |   0.0
        D:2 |      41 |       0 |   0.0 |       9 |       0 |   0.0
            +---------+---------+-------+---------+---------+-------
